 Dungeon Crawl Stone Soup version 0.30.1-11-g7821555f0a (webtiles) character file.

Game seed: 16302872674228944779

86442 PaiMei the Black Sun (level 15, -11/117 HPs)
             Began as a Demonspawn Necromancer on Jan 9, 2024.
             Was a High Priest of Kikubaaqudgha.
             Killed from afar by a guardian serpent (21 damage)
             ... with a bolt of poison
             ... on level 1 of the Snake Pit.
             The game lasted 01:16:12 (52118 turns).

PaiMei the Black Sun (Demonspawn Necromancer)      Turns: 52118, Time: 01:16:13

Health: -11/117    AC: 12    Str: 19    XL:     15   Next: 40%
Magic:  12/32      EV: 24    Int: 22    God:    Kikubaaqudgha [*****.]
Gold:   2233       SH:  8    Dex: 20    Spells: 18/40 levels left

rFire   . . .        O - +7 quarterstaff of Pestilence {freeze, +Blink rC+ Str+3 Stlth-}
rCold   + . .        (shield currently unavailable)
rNeg    . . .        K - +2 steam dragon scales
rPois   .            d - +0 helmet
rElec   .            (cloak unavailable)
rCorr   .            i - +0 pair of gloves
SInv    .            P - +0 pair of boots
Will    +....        u - amulet of regeneration
Stlth   ++           o - +6 ring of dexterity
HPRegen 1.19/turn    Z - +6 ring of strength
MPRegen 0.23/turn

%: no passive effects
@: agile, lethally poisoned (-11 -> -23)
A: large bone plates 3, demonic guardian 2, powered by pain 1, weakness stinger
3
a: Renounce Religion, Evoke Blink, Unearth Wretches, Torment


You were on level 1 of the Snake Pit.
You worshipped Kikubaaqudgha.
Kikubaaqudgha was extremely pleased with you.
You visited 5 branches of the dungeon, and saw 24 of its levels.
You also visited: Ossuary.

You collected 2341 gold pieces.
You spent 108 gold pieces at shops.

Inventory:

Hand Weapons
 O - the +7 quarterstaff of Pestilence (weapon) {freeze, +Blink rC+ Str+3 Stlth-}
   (You took it off an orc warrior on level 11 of the Dungeon)

   Str:       It affects your strength (+3).
   rC:        It protects you from cold.
   +Blink:    It lets you blink.
   Stlth:     It makes you less stealthy.
Missiles
 D - 5 atropa-tipped darts (quivered)
 S - 5 datura-tipped darts
Armour
 d - a +0 helmet (worn)
 i - a +0 pair of gloves (worn)
 l - a +0 kite shield of reflection
 r - a +0 cloak
 K - +2 steam dragon scales (worn)
 P - a +0 pair of boots (worn)
Jewellery
 o - a +6 ring of dexterity (left hand)
 u - an amulet of regeneration (around neck)
 H - a ring of see invisible
 Z - a +6 ring of strength (right hand)
Wands
 n - a wand of paralysis (4)
 q - a wand of quicksilver (1)
 t - a wand of mindburst (7)
 C - a wand of flame (48)
 F - a wand of roots (4)
 N - a wand of polymorph (3)
 V - a wand of digging (2)
Scrolls
 a - 3 scrolls of amnesia
 h - a scroll of blinking
 j - 8 scrolls of enchant weapon
 m - 7 scrolls of torment
 p - 2 scrolls of poison
 s - 4 scrolls of fog
 v - 3 scrolls of teleportation
 w - 5 scrolls of vulnerability
 y - a scroll of magic mapping
 B - a scroll of brand weapon
 I - 3 scrolls of fear
 Q - 5 scrolls of immolation
 T - a scroll of butterflies
 U - 2 scrolls of enchant armour
 W - a scroll of silence
Potions
 b - 5 potions of magic
 c - 5 potions of attraction
 e - a potion of invisibility {unknown}
 f - a potion of cancellation {unknown}
 g - 15 potions of curing
 k - 2 potions of heal wounds
 x - 2 potions of ambrosia {unknown}
 z - 8 potions of flight
 A - 4 potions of brilliance
 G - 3 potions of resistance {unknown}
 J - 5 potions of might
 M - 5 potions of haste
 R - 3 potions of mutation {unknown}
Miscellaneous
 L - a lightning rod (4/4)
 X - a box of beasts
 Y - a phial of floods


   Skills:
 + Level 10.6 Fighting
 + Level 2.7 Staves
 - Level 8.3 Armour
 - Level 10.0 Dodging
 - Level 3.4 Stealth
 + Level 0.4 Shields
 + Level 13.1 Spellcasting
 + Level 15.9 Necromancy
 - Level 9.0 Evocations


You had 18 spell levels left.
You knew the following spells:

 Your Spells              Type           Power      Damage    Failure   Level
a - Necrotise             Necr           100%       1d9       0%          1
b - Vampiric Draining     Necr           71%        2d11      1%          3
c - Animate Dead          Necr           71%        N/A       1%          4
d - Agony                 Necr           71%        N/A       1%          5
e - Borgnjor's Vile Clut  Necr/Erth      24%        N/A       4%          5
f - Anguish               Hex/Necr       24%        N/A       1%          4

Your spell library contained the following spells:

 Spells                   Type           Power      Damage    Failure   Level
 Kiss of Death            Conj/Necr      100%       2d13      1%          1
 Death Channel            Necr           35%        N/A       1%          6
 Beastly Appendage        Tmut           28%        N/A       4%          1
 Sandblast                Erth           28%        2d8       4%          1
 Sting                    Tmut/Pois      56%        1d5       4%          1
 Blink                    Tloc           28%        N/A       7%          2
 Ensorcelled Hibernation  Hex/Ice        28%        N/A       7%          2
 Lesser Beckoning         Tloc           28%        N/A       7%          2
 Momentum Strike          Conj/Tloc      28%        3d8       7%          2
 Passwall                 Tmut/Erth      11%        N/A       7%          2
 Poisonous Vapours        Pois/Air       28%        N/A       7%          2
 Wereblood                Tmut           14%        N/A       7%          2
 Call Canine Familiar     Summ           14%        N/A       13%         3
 Gell's Gravitas          Tloc           14%        N/A       13%         3
 Portal Projectile        Hex/Tloc       28%        N/A       13%         3
 Spider Form              Tmut/Pois      14%        N/A       13%         3
 Stone Arrow              Conj/Erth      28%        3d8       13%         3
 Summon Guardian Golem    Hex/Summ       14%        N/A       13%         3
 Teleport Other           Tloc           14%        N/A       13%         3
 Volatile Blastmotes      Fire/Tloc      28%        2d12      13%         3
 Simulacrum               Ice/Necr       24%        N/A       26%         6
 Borgnjor's Revivificati  Necr           35%        N/A       38%         8
 Cause Fear               Hex            7%         N/A       41%         4
 Fulminant Prism          Conj/Hex       7%         3d7       41%         4
 Iskenderun's Mystic Bla  Conj/Tloc      14%        2d5       41%         4
 Leda's Liquefaction      Hex/Erth       7%         N/A       41%         4
 Olgreb's Toxic Radiance  Pois           14%        N/A       41%         4
 Alistair's Intoxication  Tmut/Pois      9%         N/A       77%         5
 Lee's Rapid Deconstruct  Erth           7%         3d6*      77%         5
 Eringya's Noxious Bog    Tmut/Pois      7%         N/A       100%        6
 Enfeeble                 Hex            7%         N/A       100%        7
 Orb of Destruction       Conj           7%         9d6       100%        7
 Spellforged Servitor     Conj/Summ      7%         N/A       100%        7
 Necromutation            Tmut/Necr      24%        N/A       100%        8
 Death's Door             Necr           35%        N/A       100%        9


Dungeon Overview and Level Annotations

Branches:
Dungeon (15/15)            Temple (1/1) D:5            Lair (5/5) D:9
 Shoals (0/4) Lair:3        Snake (1/4) Lair:2        Slime (0/5) Lair:5
    Orc (2/2) D:10            Elf (0/3) Orc:2        Vaults (0/5) D:13
 Depths (0/4) D:15        Ossuary (visited)

Altars:
Cheibriados
Gozag
Kikubaaqudgha
Makhleb
Qazlal
Sif Muna
Xom

Shops:
D:1 :[((   D:13 *   Orc:2 [:(?

Portals:
Trove: D:13 (give 12 scrolls of teleportation)

Annotations:
D:9 1 runed translucent door, monsoonserge's ghost, journeyman TeRe
D:10 2 transporters, Taul's ghost, novice MiFi
D:13 3 runed translucent doors, ritesign's ghost, journeyman DgCj
Lair:1 3 runed translucent doors, Firil's ghost, journeyman OpFE
Lair:3 1 runed translucent door, Fuxod's ghost, journeyman GnWn
Orc:2 2 transporters, Didimus's ghost, journeyman MiWn


Innate Abilities, Weirdness & Mutations

You are completely covered in large bone plates. (SH +8)
A demonic guardian rushes to your aid.
You sometimes gain a little power by taking damage.
You have a sharp stinger which inflicts weakening toxins.


Message History

Aim: a naga, wielding a +0 dire flail (strong, catching its breath, 100% to hit)
Zombie hands grab the naga.
The zombie hands constrict the naga!
The zombie hands constrict the black mamba.
You feel very sick.
The black mamba bites you but does no damage.
The naga warrior loses its grip on you. The naga misses you.
The naga grabs you. The naga constricts you.
The naga hits you with a +0 heavy scimitar!
Your rust devil hits the naga.
Your rust devil corrodes the naga!
The black mamba barely misses you.
You hit the black mamba. You freeze the black mamba.
You tail-slap the black mamba.
You kill the black mamba!
Kikubaaqudgha accepts your kill.
The zombie hands constrict the naga!
You feel very sick.
Your rust devil disappears in a puff of smoke!
You block the naga's attack. The naga constricts you.
The guardian serpent hits you!
* * * LOW HITPOINT WARNING * * *
Casting: Borgnjor's Vile Clutch (dangerous; 4% risk of failure)
Confirm with . or Enter, or press ? or * to list all spells.
Aiming: Borgnjor's Vile Clutch (dangerous; 4% risk of failure)
Press: ? - help, Shift-Dir - straight line, f - naga, p - naga
Aim: a naga, wielding a +0 heavy scimitar and wearing a +0 robe (strong, 100% to hit)
Zombie hands grab the naga.
The zombie hands constrict the naga!
You kill the naga!
Kikubaaqudgha accepts your kill.
The zombie hands constrict the naga.
You feel sick. The guardian serpent hits you!!
* * * LOW HITPOINT WARNING * * *
You focus on the pain.
You feel your power returning. The naga completely misses you.
You block the naga's attack.
The guardian serpent casts a spell at you.
The bolt of poison hits you!!
You are lethally poisoned!
You die...
Kikubaaqudgha rasps: "You have failed me!
Welcome... death!"

..
..##...##.........####....##
#..
#...##...[.)....#####...##
##.
....##..........#####)..##
##.†................#
##................###
##.!..............##
#....).........).##
#...#.)..........##
#...###@N........## #..#
#.NS.......## ..#
#..........## .#
#.........## #.........##
#.........## #........##
.^......##


You could see a naga warrior, a guardian serpent and a naga (strong, clutched).

Vanquished Creatures
  Rupert (D:12)
  Gastronok (Lair:1)
  An orc warlord (Orc:1)
  6 hydras
  5 centaur warriors
  A catoblepas (Lair:5)
  A naga warrior (Snake:1)
  An anaconda (D:13)
  3 two-headed ogres
  A boulder beetle (D:13)
  A tengu warrior (D:15)
  11 death yaks
  3 orc high priests (Orc:2)
  2 shock serpents (Snake:1)
  2 skysharks
  A lindwurm (Lair:1)
  3 deep elf pyromancers
  5 orc knights
  A necromancer (D:15)
  2 manticores
  7 orc sorcerers
  6 cyclopes
  5 ugly things (D:15)
  A salamander (Snake:1)
  A centaur zombie (D:15)
  2 elephants
  A guardian serpent (D:13)
  3 naga magi
  5 black mambas
  An unseen horror (D:11)
  Psyche (D:11)
  Maggie (D:7)
  8 komodo dragons
  7 cane toads
  5 rime drakes
  11 trolls
  3 polar bears
  5 hornets (Lair:1)
  8 blink frogs
  A snapping turtle (Lair:3)
  15 dream sheep
  6 slime creatures
  13 yaks
  5 basilisks
  4 wyverns
  Eustachio (D:5)
  2 wraiths
  8 vampire mosquitoes
  15 humans
  4 nagas (Snake:1)
  3 acid dragons
  2 wargs
  14 water moccasins
  25 orc warriors
  A black bear (D:5)
  2 ice beasts
  2 sky beasts
  9 wolves
  7 ogres
  3 centaurs (D:13)
  3 phantoms
  A kobold brigand (D:8)
  12 bullfrogs
  4 water moccasin zombies (Ossuary)
  3 wights
  11 killer bees
  6 howler monkeys
  A lava snake (D:15)
  A wyvern simulacrum (D:8)
  3 jellies
  2 hounds
  2 gnoll boudas
  16 orc priests
  2 sleepcaps (D:4)
  4 iguanas
  18 orc wizards
  A centaur simulacrum (D:8)
  2 mummies (Ossuary)
  10 gnolls
  5 adders
  2 shadow imps
  A white imp (D:8)
  2 ufetubi
  4 adder zombies (Ossuary)
  A worm (D:2)
  5 dart slugs
  66 orcs
  9 ball pythons
  9 endoplasms
  4 giant cockroaches
  2 gnoll zombies (Ossuary)
  7 goblins
  6 hobgoblins
  12 jackals
  19 kobolds
  4 quokkas
  5 bats
  4 frilled lizards
  3 hobgoblin zombies (Ossuary)
  5 kobold zombies (Ossuary)
  4 orc zombies (Ossuary)
  A quokka zombie (D:5)
  8 rats
  A rat zombie (D:5)
566 creatures vanquished.

Vanquished Creatures (collateral kills)
  A tengu warrior (D:15)
  A centaur warrior (D:15)
  A deep troll shaman (Lair:5)
  3 death yaks (Lair:5)
  Urug (D:13)
  Amaemon (Lair:3)
  A lindwurm (Lair:5)
  A wizard (D:15)
  An orc sorcerer (D:15)
  5 elephants
  A centaur skeleton (D:15)
  A rime drake (Lair:4)
  3 cane toads
  A komodo dragon (Lair:4)
  A troll (D:12)
  A polar bear (Lair:5)
  2 blink frogs (Lair:4)
  4 dream sheep (Lair:3)
  3 yaks (Lair:1)
  2 basilisks
  A human (D:13)
  A vampire mosquito (D:12)
  An acid dragon (D:9)
  6 water moccasins
  A hornet zombie (D:15)
  5 centaurs
  2 bullfrogs
  3 orc priests (Orc:2)
  2 orcs
  A ball python (D:3)
  A rat (D:1)
59 creatures vanquished.

Vanquished Creatures (others)
  A hydra zombie (Lair:3)
  A skyshark zombie (Lair:5)
  2 cane toad zombies
  2 komodo dragon zombies
  A water moccasin zombie (Lair:1)
  A centaur zombie (D:9)
8 creatures vanquished.

Grand Total: 633 creatures vanquished

Notes
Turn   | Place    | Note
-------+----------+-------------------------------------------
     0 | D:1      | PaiMei the Demonspawn Necromancer began the quest for the
                  | Orb.
     0 | D:1      | Reached XP level 1. HP: 13/13 MP: 3/3
   584 | D:1      | Gained mutation: You are partially covered in large bone
                  | plates. (SH +4) [demonic ancestry]
   584 | D:1      | Reached XP level 2. HP: 19/19 MP: 3/5
  1018 | D:1      | Found Couk's Weapon Emporium.
  1061 | D:1      | Found Lauticem's Weapon Shop.
  1156 | D:1      | Found Cahyr's Armour Shoppe.
  1350 | D:1      | Found Tupous's Book Emporium.
  1721 | D:2      | Reached XP level 3. HP: 24/24 MP: 3/6
  2130 | D:2      | Found a stormy altar of Qazlal.
  2190 | D:2      | You fall into a shaft and drop 2 floors!
  2245 | D:4      | Reached XP level 4. HP: 30/30 MP: 2/7
  2796 | D:4      | Reached skill level 5 in Necromancy
  3073 | D:3      | Noticed a centaur
  3335 | D:3      | Found a faded altar of an unknown god.
  3363 | D:3      | Gained mutation: You are mostly covered in large bone
                  | plates. (SH +6) [demonic ancestry]
  3363 | D:3      | Reached XP level 5. HP: 35/35 MP: 4/9
  5595 | D:4      | Learned a level 3 spell: Vampiric Draining
  5607 | D:4      | Learned a level 4 spell: Animate Dead
  6075 | D:5      | Entered Level 5 of the Dungeon
  6082 | D:5      | Noticed an ogre
  6132 | D:5      | Gained mutation: You have a small tail. [demonic ancestry]
  6132 | D:5      | Reached XP level 6. HP: 40/42 MP: 1/11
  6212 | D:5      | Found a staircase to the Ecumenical Temple.
  6227 | D:5      | Found a sand-covered staircase.
  6290 | Ossuary  | Entered an ossuary
  6357 | Ossuary  | Reached skill level 1 in Fighting
  6475 | Ossuary  | Gained mutation: You sometimes gain a little power by
                  | taking damage. [demonic ancestry]
  6475 | Ossuary  | Reached XP level 7. HP: 30/49 MP: 12/12
  6479 | Ossuary  | Reached skill level 6 in Necromancy
  8466 | Temple   | Entered the Ecumenical Temple
  8476 | Temple   | Became a worshipper of Kikubaaqudgha
  8500 | D:5      | Noticed Eustachio
  8514 | D:5      | Killed Eustachio
  8515 | D:5      | Reached XP level 8. HP: 13/58 MP: 0/15
  9169 | D:6      | Found a snail-covered altar of Cheibriados.
  9199 | D:6      | Reached skill level 7 in Necromancy
  9264 | D:6      | Reached skill level 5 in Spellcasting
  9309 | D:5      | Reached skill level 5 in Dodging
  9718 | D:6      | Found a shimmering altar of Xom.
 10388 | D:7      | Noticed Maggie
 10407 | D:7      | Killed Maggie
 10408 | D:7      | Reached XP level 9. HP: 15/67 MP: 3/17
 10803 | D:7      | Found a shimmering blue altar of Sif Muna.
 10892 | D:7      | Identified the +6 battleaxe of Olosairch {protect, rPois}
 10917 | D:7      | Reached skill level 5 in Fighting
 11053 | D:7      | Reached skill level 8 in Necromancy
 14225 | D:8      | Noticed a polar bear
 14254 | D:7      | Killed a polar bear
 14628 | D:8      | Reached * piety under Kikubaaqudgha
 14628 | D:8      | Received a gift from Kikubaaqudgha
 15668 | D:9      | Noticed a troll
 15703 | D:9      | Killed a troll
 15704 | D:9      | Reached skill level 9 in Necromancy
 16032 | D:9      | Found a runed translucent door.
 16033 | D:9      | Noticed monsoonserge's ghost (journeyman TeRe)
 16233 | D:9      | Noticed a komodo dragon
 16418 | D:9      | Gained mutation: You have a tail ending in a sharp stinger.
                  | [demonic ancestry]
 16418 | D:9      | Reached XP level 10. HP: 77/77 MP: 12/20
 18011 | D:9      | Found a staircase to the Lair.
 18158 | D:10     | Entered Level 10 of the Dungeon
 18158 | D:10     | Found a staircase to the Orcish Mines.
 18167 | D:9      | Learned a level 5 spell: Agony
 18379 | D:10     | Found an opulent altar of Gozag.
 18453 | D:10     | Noticed Taul's ghost (novice MiFi)
 18460 | D:10     | Found a transporter.
 18594 | D:10     | Found a transporter.
 18654 | D:10     | Noticed a two-headed ogre
 19170 | D:10     | Noticed a two-headed ogre
 20294 | D:9      | Reached skill level 10 in Necromancy
 20801 | D:10     | Killed a two-headed ogre
 21302 | D:10     | Killed a two-headed ogre
 22001 | D:10     | Gained mutation: You are completely covered in large bone
                  | plates. (SH +8) [demonic ancestry]
 22001 | D:10     | Reached XP level 11. HP: 86/86 MP: 14/23
 22571 | Orc:1    | Entered Level 1 of the Orcish Mines
 23392 | D:11     | Reached ** piety under Kikubaaqudgha
 24195 | D:11     | Noticed Psyche
 24583 | Lair:1   | Entered Level 1 of the Lair of Beasts
 24727 | Lair:1   | Found a runed translucent gate.
 24729 | Lair:1   | Found a runed translucent gate.
 24730 | Lair:1   | Found a runed translucent gate.
 25244 | Lair:1   | Noticed Gastronok
 25253 | Lair:1   | Killed Gastronok
 25254 | Lair:1   | Reached skill level 11 in Necromancy
 25543 | Lair:1   | Noticed a lindwurm
 25586 | Lair:1   | Killed a lindwurm
 25929 | Lair:1   | HP: 4/89 [hornet (13)]
 25999 | Lair:1   | Paralysed by a hornet for 1 turns
 26156 | Lair:1   | Noticed a death yak
 26156 | Lair:1   | Noticed a death yak
 26156 | Lair:1   | Noticed a death yak
 26172 | Lair:1   | Noticed Firil's ghost (journeyman OpFE)
 26515 | Lair:1   | Killed a death yak
 27263 | Lair:1   | Gained mutation: A weak demonic guardian rushes to your
                  | aid. [demonic ancestry]
 27263 | Lair:1   | Reached XP level 12. HP: 93/96 MP: 11/25
 27497 | Lair:1   | Killed a death yak
 27505 | Lair:1   | Killed a death yak
 28820 | Lair:2   | Found a staircase to the Snake Pit.
 29067 | Lair:2   | Noticed an eight-headed hydra
 29077 | Lair:2   | Killed an eight-headed hydra
 29078 | Lair:2   | Reached skill level 12 in Necromancy
 29825 | Lair:3   | Reached skill level 10 in Fighting
 29906 | Lair:3   | Reached *** piety under Kikubaaqudgha
 29906 | Lair:3   | Received a gift from Kikubaaqudgha
 30412 | Lair:3   | Reached skill level 1 in Armour
 30412 | Lair:3   | Reached skill level 10 in Spellcasting
 30644 | Lair:3   | Found a runed translucent door.
 30676 | Lair:3   | Reached skill level 10 in Dodging
 31119 | Lair:3   | Identified the +10 spear "Reves" {heavy, rF+ rN+}
 31121 | Lair:3   | Noticed Fuxod's ghost (journeyman GnWn)
 31167 | Lair:3   | Noticed a seven-headed hydra
 31178 | Lair:3   | Killed a seven-headed hydra
 31330 | Lair:3   | Reached skill level 1 in Evocations
 31683 | Lair:3   | Noticed Amaemon
 31826 | Lair:3   | Noticed an eight-headed hydra
 31841 | Lair:3   | Killed an eight-headed hydra
 31878 | Lair:3   | Killed Amaemon
 32875 | Snake:1  | Entered Level 1 of the Snake Pit
 32943 | Lair:3   | Found a staircase to the Shoals.
 33578 | Lair:4   | Noticed a five-headed hydra
 33589 | Lair:4   | Killed a five-headed hydra
 33959 | Lair:4   | Gained mutation: A demonic guardian rushes to your aid.
                  | [demonic ancestry]
 33959 | Lair:4   | Reached XP level 13. HP: 98/103 MP: 4/27
 34093 | Lair:4   | Reached skill level 13 in Necromancy
 35553 | Lair:5   | Entered Level 5 of the Lair of Beasts
 36592 | Lair:5   | Reached **** piety under Kikubaaqudgha
 36643 | Lair:5   | Reached skill level 5 in Evocations
 36993 | Lair:5   | Reached skill level 5 in Armour
 37321 | Lair:5   | Learned a level 5 spell: Borgnjor's Vile Clutch
 37326 | Lair:5   | Learned a level 4 spell: Anguish
 37437 | Lair:5   | Found a staircase to the Slime Pits.
 38657 | Lair:4   | Reached skill level 14 in Necromancy
 41016 | Lair:4   | Reached XP level 14. HP: 88/110 MP: 12/29
 41327 | D:11     | Killed Psyche
 41585 | D:11     | Identified the +7 quarterstaff of Pestilence {freeze,
                  | +Blink rC+ Str+3 Stlth-}
 43826 | D:13     | Noticed Rupert
 43826 | D:13     | Noticed Urug
 43826 | D:13     | Found a gate to the Vaults.
 44318 | D:13     | Reached ***** piety under Kikubaaqudgha
 44536 | D:13     | Killed Urug
 44653 | D:12     | Killed Rupert
 45389 | D:13     | Found a runed translucent gate.
 45389 | D:13     | Found a runed translucent gate.
 45389 | D:13     | Found a runed translucent gate.
 45436 | D:13     | Noticed ritesign's ghost (journeyman DgCj)
 45496 | D:13     | Found Vaasory's Serpentskin Sales.
 45564 | D:13     | Found a portal to a secret trove of treasure.
 45681 | D:14     | Reached skill level 15 in Necromancy
 46710 | D:15     | Entered Level 15 of the Dungeon
 47742 | D:15     | Found a staircase to the Depths.
 47918 | D:15     | Gained mutation: You have a sharp stinger which inflicts
                  | weakening toxins. [demonic ancestry]
 47918 | D:15     | Reached XP level 15. HP: 112/115 MP: 25/31
 48666 | Orc:2    | Entered Level 2 of the Orcish Mines
 48666 | Orc:2    | Noticed Didimus's ghost (journeyman MiWn)
 48666 | Orc:2    | Found a transporter.
 48667 | Orc:2    | Identified the +5 great mace of Regicide {spect, Contam rC+
                  | Str+3}
 49787 | Orc:2    | Found a transporter.
 50168 | Orc:2    | Found a staircase to the Elven Halls.
 50729 | Orc:2    | Reached skill level 1 in Staves
 50738 | Orc:2    | Found Nohaihicusy's Antique Armour Emporium.
 50755 | Orc:2    | HP: 1/115 [orc high priest/divine providence (11)]
 51101 | Orc:2    | Found Unavoryi's Book Emporium.
 51103 | Orc:2    | Found Simmaff's Magic Scroll Boutique.
 51103 | Orc:2    | Found Ogiowkatt's Antique Weapon Boutique.
 51438 | Orc:2    | Bought a scroll of identify for 36 gold pieces
 51438 | Orc:2    | Bought a scroll of identify for 36 gold pieces
 51438 | Orc:2    | Bought a scroll of identify for 36 gold pieces
 52118 | Snake:1  | Killed from afar by a guardian serpent

Illustrated notes

Levels and vault maps discovered:
D:1:      dpeg_arrival_chambers_temple_mockup, layout_loops_corners,
          serial_shops, shop, nicolae_shop_real_fake_doors,
          nicolae_shop_tiny_statue_garden, nicolae_shop_statue_plus
D:2:      minmay_chambers_of_twos, layout_loops_ring, basic_altar
D:3:      layout_basic, hellmonk_ecumenical_altar_arch_garden,
          nrook_mini_backslash
D:4:      cheibrodos_old_hovel, layout_loops_cross, minmay_misc_feat_rows,
          grunt_decor_resistance
D:5:      layout_rooms, minmay_temple_entry_statues_pillars, enter_ossuary_4,
          uniq_eustachio
D:6:      layout_basic, mainiacjoe_overflow_catch_the_wave,
          kennysheep_cross_bottleneck
D:7:      layout_basic, lemuel_crystal_altar, nicolae_tso_swordbearing_angel,
          uniq_maggie
D:8:      layout_layer_cave, serial_ice, serial_ice_k, serial_ice_b,
          serial_ice_e, serial_ice_g, chequers_serial_rivers_marsh,
          minmay_misc_feat_nine_boxes
D:9:      layout_roguey, erik_lair_dragon, gammafunk_ghost_grave
D:10:     layout_long_grid, nicolae_gozag_cash_rules_everything_around_me,
          orc_0_dummy, gammafunk_ghost_arena, special_room [special_room_orc],
          corexii_hall_statues_deadend, feat_on_display
D:11:     layout_roguey [special_room_orc], uniq_psyche
D:12:     layout_basic
D:13:     layout_cave_pools, david_vaults_3, enter_trove_3, gammafunk_ghost_icy,
          guppyfry_shop_venom
D:14:     layout_cave_pools, minmay_staircase_windowed_large
D:15:     grunt_enter_depths_magical_seal, layout_basic, minmay_hedge_maze
Temple:   minmay_crystal_spiral_temple
Lair:1:   layout_chaotic_city, basic_altar, gammafunk_ghost_necromancy,
          nicolae_volcano_entry_vermiform, dreamdust_wasp_nest, uniq_gastronok
Lair:2:   layout_hall_layers, dummy_snake_entry, grunt_megastairs_4
Lair:3:   layout_roguey, minmay_shoals_entry_hut, ebering_ghost_funeral_grove,
          chequers_serial_rivers_micro_a, serial_bayou_pond_d, uniq_amaemon
Lair:4:   layout_cave_pods, portal_ice_cave_rime, serial_bayou_shore_b,
          grunt_megastairs_5
Lair:5:   grunt_lair_end_beastmaster, layout_loops_ring,
          dpeg_slime_entry_enclosed, st_stairs_10
Snake:1:  layout_onion, basic_altar, lemuel_fruit_tree
Orc:1:    layout_diamond_mine
Orc:2:    st_orc_elflike, layout_diamond_mine, gammafunk_ghost_smash,
          statue_in_the_mist_lemuel, nicolae_orc_pool_cavern

Skill      XL: |  1  2  3  4  5  6  7  8  9 10 11 12 13 14 15 |
---------------+----------------------------------------------+-----
Stealth        | 2 3 |  3.4
Dodging        | 2 3 4 5 6 8 9 10 | 10.0
Necromancy     | 5 6 7 9 10 11 12 14 15 | 15.9
Spellcasting   | 3 4 5 6 8 9 10 11 12 13 | 13.1
Fighting       | 1 3 4 6 7 9 10 | 10.6
Armour         | 3 6 8 |  8.3
Evocations     | 3 6 8 9 |  9.0
Staves         | 2 |  2.7
Shields        | |  0.4

Action                     |  1- 3 |  4- 6 |  7- 9 | 10-12 | 13-15 || total
---------------------------+-------+-------+-------+-------+-------++-------
  Melee: Unarmed           |     3 |       |       |       |       ||     3
         Dagger            |     5 |       |   172 |   281 |    98 ||   556
         Rapier            |       |   139 |   253 |       |       ||   392
         Tailslap          |       |    19 |    70 |    63 |    96 ||   248
         Punch             |       |     1 |     3 |     7 |     3 ||    14
         Quarterstaff      |       |       |       |       |   322 ||   322
   Cast: Necrotise         |    64 |   121 |    99 |   202 |    66 ||   552
         Vampiric Draining |       |     2 |    86 |   269 |   226 ||   583
         Agony             |       |       |       |    57 |    84 ||   141
         Animate Dead      |       |       |       |    10 |     3 ||    13
         Borgnjor's Vile C |       |       |       |       |   114 ||   114
         Anguish           |       |       |       |       |     3 ||     3
  Evoke: Wand              |       |       |    11 |       |     2 ||    13
    Use: Scroll            |       |       |       |    15 |    17 ||    32
         Potion            |       |       |       |     3 |     2 ||     5
   Stab: Sleeping          |       |     2 |     1 |     1 |       ||     4
         Distracted        |       |       |       |     3 |     2 ||     5
 Armour: Robe              |     2 |    28 |    49 |       |       ||    79
         Steam dragon scal |       |       |    71 |   136 |   225 ||   432
  Dodge: Dodged            |    13 |    99 |   342 |   356 |   706 ||  1516
  Block: Other             |     3 |    60 |   151 |   197 |   365 ||   776
